 Dungeon Crawl Stone Soup version 0.30-a0-341-g682706514a (webtiles) character file.

Game seed: 17665968884106901087

9542 ragingrage the Summoner (level 11, -1/75 HPs)
             Began as an Octopode Wanderer on Nov 4, 2022.
             Was an Initiate of Gozag.
             Slain by a troll (10 damage)
             ... on level 10 of the Dungeon.
             The game lasted 00:21:39 (13133 turns).

ragingrage the Summoner (Octopode Wanderer)        Turns: 13133, Time: 00:21:40

Health: -1/75      AC:  1    Str:  8    XL:     11   Next: 48%
Magic:  15/18      EV: 16    Int: 21    God:    Gozag
Gold:   490        SH:  0    Dex: 16    Spells: 12/20 levels left

rFire   . . .      SeeInvis +    a - +5 executioner's axe of Poverty {vorpal, rPois Int+3 SInv}
rCold   . . .      Faith    .    (shield currently unavailable)
rNeg    . . .      Spirit   .    (helmet restricted)
rPois   +          Reflect  .    O - amulet of regeneration
rElec   .          Harm     .    m - ring of wizardry
rCorr   .          Rampage  .    A - ring of willpower
Will    +....                    (no ring)
Stlth   +++++.....               (no ring)
HPRegen 1.12/turn                (no ring)
MPRegen 0.16/turn                (no ring)
                                 (no ring)
                                 (no ring)

@: gold aura
A: almost no armour, amphibious, 8 rings, camouflage 1, gelatinous body 1,
(nimble swimmer 1), tentacles
a: Renounce Religion, Potion Petition, Call Merchant, Bribe Branch


You were on level 10 of the Dungeon.
You worshipped Gozag.
Gozag was aware of your devotion.
You visited 2 branches of the dungeon, and saw 11 of its levels.

You collected 1134 gold pieces.
You spent 559 gold pieces at shops.
You paid 85 gold pieces to Gozag.

Inventory:

Hand Weapons
 a - the +5 executioner's axe of Poverty (weapon) {vorpal, rPois Int+3 SInv}
   (You acquired it on level 10 of the Dungeon)

   It inflicts extra damage upon your enemies.
   Int:       It affects your intelligence (+3).
   rPois:     It protects you from poison.
   SInv:      It lets you see invisible.
 b - the +7 staff of the Meek {protect, meekguard}
   (You found it on level 5 of the Dungeon)

   It grants its wielder temporary protection when it strikes (+7 to AC).
   It provides extra protection to wielders with little health.
 c - the +1 dagger "Ylisun" {vorpal, MP+9}
   (You found it on level 6 of the Dungeon)

   It inflicts extra damage upon your enemies.
   MP:        It affects your magic capacity (+9).
 f - a +3 dagger
 N - a +2 short sword of electrocution
Missiles
 l - 4 datura-tipped darts
 u - 9 poisoned darts
 y - 6 silver javelins
Magical Staves
 e - a staff of cold
 L - a staff of earth
Jewellery
 m - a ring of wizardry (left tentacle)
 A - a ring of willpower (right tentacle)
 O - an amulet of regeneration (around mantle)
Wands
 h - a wand of mindburst (1)
 t - a wand of flame (29)
 E - a wand of acid (9)
 J - a wand of charming (7)
Scrolls
 i - 4 scrolls of vulnerability
 j - 11 scrolls of teleportation
 o - 2 scrolls of summoning {unknown}
 s - a scroll of enchant armour {unknown}
 B - a scroll of magic mapping {unknown}
 C - a scroll of torment {unknown}
 F - a scroll of blinking {unknown}
 H - a scroll of immolation
 I - a scroll of identify
 M - a scroll of enchant weapon
 P - a scroll of poison
Potions
 d - 4 potions of flight
 g - 2 potions of brilliance
 k - a potion of mutation {unknown}
 n - 3 potions of curing
 p - 2 potions of berserk rage {unknown}
 q - 3 potions of magic
 v - 2 potions of degeneration {unknown}
 w - 5 potions of lignification
 x - a potion of might
 z - a potion of cancellation {unknown}
 D - 3 potions of haste
 G - 2 potions of invisibility {unknown}
 K - 2 potions of attraction {unknown}


   Skills:
 + Level 7.2 Fighting
 + Level 7.2 Dodging
 - Level 7.4 Stealth
 - Level 5.0 Spellcasting
 + Level 13.5 Summonings
 - Level 2.0 Translocations


You had 12 spell levels left.
You knew the following spells:

 Your Spells              Type           Power      Damage    Failure   Level
a - Summon Small Mammal   Summ           100%       N/A       1%          1
b - Call Canine Familiar  Summ           58%        N/A       1%          3
c - Blink                 Tloc           26%        N/A       2%          2
d - Momentum Strike       Conj/Tloc      18%        3d8       4%          2

Your spell library contained the following spells:

 Spells                   Type           Power      Damage    Failure   Level
 Lesser Beckoning         Tloc           26%        N/A       6%          3
 Summon Horrible Things   Summ           29%        N/A       69%         8
 Malign Gateway           Summ/Tloc      18%        N/A       80%         7


Dungeon Overview and Level Annotations

Branches:
Dungeon (10/15)            Temple (1/1) D:6
   Lair: D:8-11         Orc: D:9-12

Altars:
Ashenzari
Cheibriados
Dithmenos
Elyvilon
Fedhas
Gozag
Hepliaklqana
Kikubaaqudgha
Makhleb
Nemelex Xobeh
Okawaru
Qazlal
Ru
Sif Muna
Trog
Uskayaw
Vehumet
Wu Jian
Xom
Yredelemnul
Zin
The Shining One

Shops:
D:5 !   D:10 ?

Annotations:
D:4 exclusion: 2 downstairs
D:9 exclusion: downstairs
D:10 Josephine


Innate Abilities, Weirdness & Mutations

You cannot wear most types of armour.
You are amphibious.
You can wear up to eight rings at the same time.
Your skin changes colour to match your surroundings (Stealth+).
Your rubbery body absorbs attacks. (AC +1, EV +1)
((You are camouflaged when in or above water. (Stealth+)))
You have tentacles for arms and can constrict up to eight enemies at once.


Message History

A troll comes into view.
A troll is nearby!
A troll is nearby!
You swap places.
What are your orders? t - Shout!
Orders for allies: a - Attack new target. r - Retreat! s - Stop attacking. g - Guard the area. f - Follow me.
Anything else - Cancel.
You shout for attention!
You start waiting.
A troll is nearby!
Your wolf barely misses the troll.
The troll bites your wolf. The troll misses your wolf. x2
Your wolf barely misses the troll.
Your wolf closely misses the troll.
The troll bites your wolf! The troll closely misses your wolf.
The troll claws your wolf!
Your wolf barely misses the troll.
The troll barely misses your wolf. The troll completely misses your wolf.
The troll claws your wolf!
Your wolf dies!
Your wolf's corpse disappears in a puff of smoke!
Casting: Call Canine Familiar (safe; 1% risk of failure)
Confirm with . or Enter, or press ? or * to list all spells.
You completely miss the troll.
Your wolf barely misses the troll.
The troll bites you! The troll closely misses you. The troll misses you.
Your wolf bites the troll but does no damage.
The troll bites you!! The troll claws you! The troll misses you.
You closely miss the troll. You squeeze the troll!
The troll is moderately wounded.
Your wolf bites the troll! x2; The troll bites you!
* * * LOW HITPOINT WARNING * * *
The troll barely misses you. The troll claws you!
* * * LOW HITPOINT WARNING * * *
Your wolf bites the troll but does no damage.
The troll closely misses you. The troll claws you.
* * * LOW HITPOINT WARNING * * *
The troll claws you!
You die...
Your body crumbles into a pile of gold.

####### .......
############.....##
#........@T........
#.######.h##.###.##
#####..# .# #
#......# .#
#.##.####.# ..
#.#...###.###T
#.............#
###...####(##..
##.## .#


You could see a troll (ally target) and a friendly wolf (summoned).

Vanquished Creatures
  A two-headed ogre (D:8)
  Prince Ribbit (D:5)
  Grinder (D:3)
  Sigmund (D:3)
  2 wraiths
  A wyvern (D:8)
  A yak (D:8)
  Eustachio (D:6)
  A water moccasin (D:6)
  An orc warrior (D:5)
  A wolf (D:8)
  Blork the orc (D:5)
  2 scorpions
  A wight (D:9)
  3 killer bees (D:10)
  2 orc priests
  2 hounds
  2 iguanas
  Ijyb (D:3)
  An orc wizard (D:3)
  5 adders
  4 gnolls
  An ufetubus (D:5)
  A dart slug (D:3)
  13 orcs
  3 endoplasms
  3 giant cockroaches
  3 goblins
  8 hobgoblins
  7 quokkas
  3 ball pythons
  3 bats
  3 frilled lizards
  5 kobolds
  4 rats
93 creatures vanquished.

Vanquished Creatures (collateral kills)
  Harold (D:10)
  2 two-headed ogres
  Maggie (D:6)
  A hornet (D:9)
  A troll (D:9)
  A shadow (D:7)
  A vampire (D:9)
  2 yaks (D:8)
  4 wyverns
  Grum (D:8)
  3 steam dragons
  Edmund (D:5)
  A water moccasin (D:7)
  2 sky beasts (D:7)
  2 orc warriors (D:9)
  3 wolves (D:8)
  A centaur (D:8)
  4 ogres
  A bullfrog (D:6)
  A scorpion (D:7)
  8 wights
  4 hounds
  A jelly (D:6)
  Crazy Yiuf (D:7)
  4 orc priests
  4 gnoll boudas
  3 iguanas
  4 orc wizards
  13 gnolls
  2 adders (D:6)
  A shadow imp (D:8)
  2 white imps
  An ufetubus (D:5)
  A worm (D:2)
  A dart slug (D:4)
  21 orcs
  3 goblins
  6 hobgoblins
  4 kobolds
  2 frilled lizards (D:2)
  3 rats (D:3)
123 creatures vanquished.

Vanquished Creatures (others)
  A gnoll (D:9)
  32 plants (D:5)
33 creatures vanquished.

Grand Total: 249 creatures vanquished

Notes
Turn   | Place    | Note
-------+----------+-------------------------------------------
     0 | D:1      | ragingrage the Octopode Wanderer began the quest for the
                  | Orb.
     0 | D:1      | ragingrage set off with the following items: a +3 dagger, a
                  | potion of heal wounds, a potion of haste; and the following
                  | spell memorised: Summon Small Mammal; and the following
                  | spells available to memorise: Call Canine Familiar.
     0 | D:1      | Reached XP level 1. HP: 13/13 MP: 6/6
   167 | D:1      | Reached skill level 1 in Summonings
   301 | D:1      | Reached XP level 2. HP: 18/18 MP: 8/8
   360 | D:1      | Found a faded altar of an unknown god.
   489 | D:1      | Reached skill level 2 in Summonings
   872 | D:2      | Reached XP level 3. HP: 15/23 MP: 6/9
   894 | D:1      | Learned a level 3 spell: Call Canine Familiar
  1234 | D:2      | Reached skill level 3 in Summonings
  1783 | D:2      | Reached XP level 4. HP: 28/28 MP: 11/11
  2107 | D:3      | Found a bloodstained altar of Trog.
  2108 | D:3      | Noticed Ijyb
  2121 | D:3      | Reached skill level 4 in Summonings
  2211 | D:3      | Reached XP level 5. HP: 16/33 MP: 6/12
  2239 | D:3      | Found a stormy altar of Qazlal.
  2250 | D:3      | Learned a level 2 spell: Blink
  2374 | D:3      | Killed Ijyb
  2469 | D:3      | Reached skill level 1 in Translocations
  2643 | D:3      | Noticed Sigmund
  2650 | D:3      | Killed Sigmund
  2651 | D:3      | Reached skill level 6 in Summonings
  2651 | D:3      | Reached XP level 6. HP: 38/38 MP: 13/13
  2656 | D:3      | Learned a level 2 spell: Momentum Strike
  2776 | D:3      | Found a basalt altar of Yredelemnul.
  2831 | D:3      | Noticed Grinder
  2840 | D:3      | Killed Grinder
  2841 | D:3      | Reached skill level 5 in Stealth
  2841 | D:3      | Reached XP level 7. HP: 35/43 MP: 10/14
  3145 | D:4      | Found a hide-covered altar of Uskayaw.
  4196 | D:4      | Reached skill level 7 in Summonings
  4604 | D:5      | Entered Level 5 of the Dungeon
  4665 | D:5      | Noticed Edmund
  4736 | D:4      | Reached XP level 8. HP: 48/48 MP: 10/15
  4847 | D:5      | Found the +7 staff of the Meek {protect, meekguard}
  5411 | D:5      | Reached skill level 8 in Summonings
  5589 | D:5      | Noticed Blork the orc
  5630 | D:5      | Killed Blork the orc
  5689 | D:5      | Reached skill level 9 in Summonings
  5858 | D:5      | Noticed Prince Ribbit
  5874 | D:5      | Killed Prince Ribbit
  6119 | D:5      | Reached XP level 9. HP: 53/53 MP: 8/16
  6218 | D:5      | Killed Edmund
  6219 | D:5      | Reached skill level 10 in Summonings
  6392 | D:5      | Found Zeicsoh's Distillery.
  6399 | D:5      | Bought a potion of lignification for 39 gold pieces
  6435 | D:5      | Found a hazy altar of Hepliaklqana.
  6758 | D:6      | Identified the +1 dagger "Ylisun" {vorpal, MP+9}
  6893 | D:6      | Found a burning altar of Makhleb.
  6938 | D:6      | Noticed Maggie
  6943 | D:6      | Killed Maggie
  6944 | D:6      | Reached skill level 11 in Summonings
  7077 | D:6      | Found a staircase to the Ecumenical Temple.
  7612 | D:6      | Noticed Eustachio
  7650 | D:6      | Killed Eustachio
  8165 | D:6      | Found a glowing silver altar of Zin.
  8187 | Temple   | Entered the Ecumenical Temple
  8322 | Temple   | Became a worshipper of Gozag Ym Sagoz the Greedy
  8623 | D:7      | Found an ancient bone altar of Kikubaaqudgha.
  9480 | D:7      | Reached skill level 12 in Summonings
  9480 | D:7      | Reached XP level 10. HP: 63/63 MP: 13/17
  9688 | D:7      | Found a runed translucent door.
  9689 | D:7      | Noticed Crazy Yiuf
  9842 | D:7      | Killed Crazy Yiuf
  9952 | D:8      | Found a transporter.
  9970 | D:8      | Found a transporter.
  9974 | D:8      | Found a transporter.
 10000 | D:8      | Found a transporter.
 10194 | D:8      | Noticed a two-headed ogre
 10277 | D:8      | Killed a two-headed ogre
 10546 | D:8      | Found a transporter.
 10558 | D:8      | Found a transporter.
 10582 | D:8      | Noticed a two-headed ogre
 10584 | D:8      | Noticed Grum
 10613 | D:8      | Killed a two-headed ogre
 10614 | D:8      | Reached skill level 5 in Fighting
 10614 | D:8      | Reached skill level 5 in Dodging
 10697 | D:8      | Killed Grum
 11313 | D:9      | Reached skill level 13 in Summonings
 11313 | D:9      | Reached XP level 11. HP: 47/72 MP: 15/18
 12590 | D:10     | Entered Level 10 of the Dungeon
 12602 | D:10     | Found Cipp's Magic Scroll Emporium.
 12620 | D:10     | Noticed Josephine
 12806 | D:10     | Bought a scroll of acquirement for 520 gold pieces
 12806 | D:10     | Acquired the +5 executioner's axe of Poverty {vorpal, rPois
                  | Int+3 SInv}
 12837 | D:10     | Noticed a two-headed ogre
 12850 | D:10     | Killed a two-headed ogre
 12982 | D:10     | Noticed Harold
 13036 | D:10     | Killed Harold
 13133 | D:10     | Slain by a troll

Illustrated notes

Levels and vault maps discovered:
D:1:      elethiomel_arrival_infinity_welcomes_careful_drivers,
          layout_loops_ring, shapermc_ecumenical_altar_gd,
          minmay_misc_feat_room, corexii_corridor_pit
D:2:      layout_basic, minmay_tetromino_t2
D:3:      layout_rooms, mainiacjoe_overflow_alcove_2,
          mainiacjoe_overflow_catwalk, mainiacjoe_overflow_tiny_flanked,
          uniq_ijyb, uniq_sigmund, uniq_grinder
D:4:      layout_gridville, mainiacjoe_overflow_concentric_impassable
D:5:      nicolae_cairo_tiling, layout_cave_pools,
          nicolae_hepliaklqana_hippocampus, serial_bayou, serial_bayou_lake_a,
          serial_bayou_crossing, serial_bayou_ford_a, serial_bayou_pond_e,
          serial_shops, nicolae_shop_temple_entry_statues_fountains,
          uniq_blork_the_orc, uniq_prince_ribbit1, uniq_edmund
D:6:      layout_layer_cave, zin_statuary, makhleb_heckhound_becter,
          minmay_temple_entry_mini_moons, uniq_eustachio, uniq_maggie
D:7:      layout_loops_cross, general_overflow_altar, uniq_crazy_yiuf_cottage
D:8:      layout_basic, serial_nicolae_subway, nicolae_sub_station_metal,
          nicolae_sub_station_stone, nicolae_sub_station_crystal, uniq_grum
D:9:      layout_small_grid
D:10:     layout_loops_ring, lair_entry_dummy, zombieorc1_lemuel, serial_shops,
          nicolae_stop_n_shop_1, uniq_josephine, uniq_harold, uniq_erica
Temple:   nicolae_temple_bog_church

Skill      XL: |  1  2  3  4  5  6  7  8  9 10 11 |
---------------+----------------------------------+-----
Summonings     | 1 2 3 4 6 7 9 12 13 | 13.5
Translocations | 2 |  2.0
Stealth        | 5 7 |  7.4
Fighting       | 3 5 7 |  7.2
Dodging        | 3 6 7 |  7.2
Spellcasting   | |  5.0

Action                   |  1- 3 |  4- 6 |  7- 9 | 10-12 || total
-------------------------+-------+-------+-------+-------++-------
Melee: Dagger            |    24 |       |       |       ||    24
       Tentacles         |    10 |     4 |    18 |    13 ||    45
       Constrict         |    10 |     9 |    23 |     4 ||    46
       Short sword       |    30 |    34 |    30 |       ||    94
       Punch             |       |     1 |     1 |       ||     2
       Quarterstaff      |       |       |    46 |    47 ||    93
       Executioner's axe |       |       |       |     8 ||     8
Throw: Dart              |       |       |     3 |       ||     3
       Javelin           |       |       |     1 |       ||     1
 Cast: Summon Small Mamm |    11 |    19 |    71 |    38 ||   139
       Call Canine Famil |     3 |    10 |    58 |    44 ||   115
Evoke: Wand              |       |       |     7 |     8 ||    15
  Use: Scroll            |       |     3 |     4 |     3 ||    10
       Potion            |       |     3 |       |     3 ||     6
 Stab: Sleeping          |    12 |     3 |     2 |       ||    17
       Distracted        |     3 |     4 |     1 |       ||     8
Armor: Skin              |     3 |     1 |    13 |    11 ||    28
Dodge: Dodged            |    17 |    14 |    39 |    62 ||   132

Table legend: (Time is in decaauts)
 A = Elapsed time spent in this place.
 B = Non-inter-level travel time spent in this place.
 C = Inter-level travel time spent in this place.
 D = Time resting spent in this place.
 E = Time spent auto-exploring this place.
 F = Levels seen in this place.
 G = Mean time per level.
                   A        B        C        D        E       F      G
               +--------+--------+--------+--------+--------+-----+--------+
         Total |  13180 |  12628 |    552 |   2833 |   7368 |  11 | 1198.2 |
       Dungeon |  13024 |  12519 |    505 |   2833 |   7271 |  10 | 1302.4 |
        Temple |    155 |    109 |     46 |      0 |     97 |   1 |  155.0 |
               +--------+--------+--------+--------+--------+-----+--------+

Top non-repeatable levels by time:
     D:5: 1893 daAuts
     D:6: 1727 daAuts
     D:4: 1476 daAuts
     D:9: 1468 daAuts
     D:7: 1391 daAuts
     D:8: 1314 daAuts
     D:2: 1217 daAuts
     D:3: 1156 daAuts
     D:1: 882 daAuts
    D:10: 497 daAuts
  Temple: 155 daAuts
